AoeStats
← Element

Black Forest

507111494Analyzed
4v4 RM · 15d ago on Sep 16, 2026· 49m 11s· 8 players
Game mode
Random Map
Map size
Large (8 player)
Population
200
Speed
Normal
Resources
Standard
Victory
Conquest
Starting age
Dark Age
Ending age
Imperial Age
RankedLock teamsTeams togetherTeam positionsShared explorationLock speedFull tech treeHidden civsTurbo modeCheats
Victory
Defeat
🇲🇽 Dravidians · Mexico
1377
+15
🇹🇼 Lithuanians · Taiwan
1368
+15
🇳🇱 Malians · Netherlands
1312
+17
🇦🇷 Hindustanis · Argentina
1309
+17
🇬🇧 Poles · United Kingdom
1347
-16
🇬🇧 Lithuanians · United Kingdom
1341
-16
🇦🇷 Spanish · Argentina
1341
-16
🇦🇷 Khmer · Argentina
1340
-16
willrhyd
0:54 Loom
12:17 Feudal Age
13:11 Horse Collar
13:20 Double-Bit Axe
20:06 Castle Age
21:42 Heavy Plow
27:07 Fortified Wall
28:26 Wheelbarrow
28:22 Bow Saw
32:08 Imperial Age
29:47 Crossbowman
31:04 Fletching
31:15 Padded Archer Armor
31:44 Thumb Ring
31:54 Bodkin Arrow
32:09 Gold Mining
34:23 Chemistry
35:26 Bracer
35:33 Arbalester
37:06 Conscription
38:29 Leather Archer Armor
38:48 Ballistics
Element
1:08 Loom
11:51 Feudal Age
14:45 Castle Age
14:28 Double-Bit Axe
21:51 Town Watch
22:54 Wheelbarrow
22:13 Horse Collar
25:43 Heavy Plow
27:32 Hand Cart
32:19 Imperial Age
29:48 Gold Mining
29:49 Stone Mining
29:39 Pikeman
33:25 Gold Shaft Mining
33:09 Fortified Wall
33:20 Ballistics
34:01 Chemistry
33:26 Heavy Scorpion
34:30 Conscription
34:42 Double Crossbow
36:23 Forging
36:18 Scale Barding Armor
36:16 Scale Mail Armor
36:06 Fletching
36:01 Halberdier
36:27 Arson
37:41 Iron Casting
38:56 Chain Mail Armor
39:50 Blast Furnace
40:51 Bodkin Arrow
40:57 Murder Holes
41:32 Siege Engineers
42:33 Hoardings
44:53 Masonry
48:29 Scale Barding Armor
48:25 Bracer
48:29 Padded Archer Armor
Vinci_PL
0:52 Loom
12:48 Feudal Age
16:32 Castle Age
14:22 Double-Bit Axe
14:25 Horse Collar
17:34 Bow Saw
18:50 Wheelbarrow
21:20 Town Watch
22:11 Heavy Plow
23:41 Gold Mining
25:06 Hand Cart
27:01 Scale Barding Armor
27:06 Forging
27:57 Husbandry
28:07 Bloodlines
31:47 Imperial Age
29:20 Pikeman
30:01 Squires
31:15 Chain Barding Armor
31:30 Iron Casting
30:21 Light Cavalry
31:58 Cavalier
33:16 Plate Barding Armor
32:16 Halberdier
33:01 Scale Mail Armor
33:27 Conscription
34:40 Blast Furnace
35:15 Chemistry
35:20 Chain Mail Armor
36:06 Blast Furnace
35:02 Capped Ram
36:53 Plate Mail Armor
36:14 Arson
39:47 Fletching
40:22 Ballistics
41:05 Hussar
44:05 Bodkin Arrow
Luca
11:39 Feudal Age
15:26 Castle Age
13:38 Double-Bit Axe
13:47 Horse Collar
16:43 Bow Saw
18:42 Wheelbarrow
21:08 Heavy Plow
20:58 Loom
24:05 Hand Cart
25:51 Scale Barding Armor
25:37 Fletching
25:57 Forging
30:01 Imperial Age
27:17 Town Watch
27:59 Forging
28:15 Chain Barding Armor
28:09 Gold Mining
31:30 Conscription
31:50 Plate Barding Armor
32:14 Iron Casting
33:23 Chemistry
32:34 Caravan
33:24 Husbandry
33:34 Bloodlines
32:47 Light Cavalry
33:23 Elite Leitis
34:38 Devotion
37:52 Cavalier
37:53 Winged Hussar
39:27 Hoardings
39:23 Murder Holes
40:41 Fortified Wall
40:59 Paladin
43:07 Masonry
Nobody
0:51 Loom
12:44 Feudal Age
16:55 Castle Age
14:58 Double-Bit Axe
15:48 Fishing Lines
18:16 Wheelbarrow
17:38 Gillnets
21:20 Bow Saw
23:04 Horse Collar
27:42 Gold Mining
27:44 Stone Mining
27:50 Town Watch
28:28 Fletching
30:01 Bodkin Arrow
30:07 Padded Archer Armor
34:49 Imperial Age
32:47 Heavy Plow
33:14 Thumb Ring
34:20 Hand Cart
34:56 Leather Archer Armor
35:36 Bracer
35:59 Conscription
36:10 Conscription
35:21 Elite Elephant Archer
36:58 Ballistics
37:38 Chemistry
38:42 Ring Archer Armor
38:18 Husbandry
41:41 Scale Barding Armor
41:47 Forging
40:59 Light Cavalry
42:54 Chain Barding Armor
44:03 Iron Casting
TwBestShaco
11:01 Feudal Age
11:48 Double-Bit Axe
14:31 Castle Age
12:51 Horse Collar
15:32 Bow Saw
15:40 Heavy Plow
20:37 Gold Mining
22:04 Wheelbarrow
23:30 Hand Cart
29:28 Imperial Age
28:06 Bloodlines
27:57 Husbandry
28:34 Scale Barding Armor
28:40 Forging
28:57 Stone Mining
30:05 Chain Barding Armor
29:54 Cavalier
30:22 Loom
31:13 Iron Casting
32:00 Chemistry
30:43 Treadmill Crane
31:41 Plate Barding Armor
32:12 Two-Man Saw
31:46 Crop Rotation
31:40 Paladin
32:24 Scale Mail Armor
33:03 Stone Shaft Mining
32:50 Bombard Tower
36:35 Ballistics
36:25 Masonry
36:06 Fletching
36:29 Guilds
36:51 Coinage
36:16 Town Watch
40:18 Bodkin Arrow
40:23 Padded Archer Armor
40:07 Light Cavalry
41:59 Banking
42:04 Architecture
41:30 Murder Holes
41:38 Bracer
42:50 Leather Archer Armor
42:50 Chain Mail Armor
43:00 Fortified Wall
43:49 Conscription
42:51 Elite Leitis
44:20 Winged Hussar
46:17 Heated Shot
46:29 Caravan
47:00 Ring Archer Armor
DGHIR | Miloss
0:57 Loom
14:55 Feudal Age
15:41 Double-Bit Axe
19:21 Castle Age
20:07 Wheelbarrow
19:54 Town Watch
20:30 Fishing Lines
21:31 Bow Saw
22:59 Gillnets
23:06 Horse Collar
23:46 Hand Cart
24:02 Gold Mining
24:02 Stone Mining
29:51 Imperial Age
28:26 Scale Barding Armor
28:33 Bloodlines
28:24 Husbandry
28:09 Light Cavalry
29:19 Masonry
30:25 Chain Barding Armor
30:15 Forging
30:46 Grand Trunk Road
30:25 Heavy Camel Rider
31:28 Conscription
32:30 Siege Engineers
32:50 Heavy Plow
34:15 Chemistry
33:59 Gold Shaft Mining
33:59 Stone Shaft Mining
35:52 Coinage
35:23 Caravan
36:52 Plate Barding Armor
36:52 Iron Casting
36:31 Shatagni
35:52 Elite Ghulam
36:49 Fletching
38:01 Bodkin Arrow
39:44 Hoardings
41:11 Imperial Camel Rider
42:52 Bracer
43:52 Blast Furnace
45:42 Ballistics
Brandon
1:09 Loom
13:31 Feudal Age
17:04 Castle Age
15:36 Stone Mining
15:39 Double-Bit Axe
20:50 Scale Mail Armor
21:00 Forging
20:45 Arson
21:01 Squires
21:37 Forging
21:27 Scale Mail Armor
27:19 Horse Collar
27:54 Bow Saw
27:42 Gold Mining
31:39 Wheelbarrow
30:49 Town Watch
31:38 Chain Mail Armor
33:05 Iron Casting
33:39 Gold Shaft Mining
35:47 Town Watch
43:42 Imperial Age
41:29 Hand Cart
44:30 Stone Shaft Mining
43:57 Heavy Plow
43:56 Elite Gbeto
45:11 Plate Mail Armor
46:57 Conscription
Connection lost

Rejoining the realm…

Still unreachable

The connection could not be restored.

Session expired

The server has moved on; the page needs a fresh start.